 Dungeon Crawl Stone Soup version 0.18-a0-1692-g516f9e9 (webtiles) character file.

110 bigmoneyxibbles the Skirmisher (level 4, -20/37 HPs)
             Began as a Demonspawn Summoner on Apr 5, 2016.
             Was an Initiate of Okawaru.
             Killed from afar by Ijyb (26 damage)
             ... with a wand of acid
             ... on level 3 of the Dungeon.
             The game lasted 00:04:50 (1780 turns).

bigmoneyxibbles the Skirmisher (DsSu)               Turns: 1780, Time: 00:04:51

Health: -20/37     AC:  2    Str:  9 (10) XL:     4   Next: 61%
Magic:  7/7        EV:  0    Int: 15 (16) God:    Okawaru [......]
Gold:   62         SH:  0    Dex: 12 (13) Spells: 0 memorised, 7 levels left

rFire  . . .     SeeInvis .     k - +1 whip (venom)
rCold  . . .     Gourm    .     v - +0 plate armour
rNeg   . . .     Faith    .     (no shield)
rPois  .         Spirit   .     (no helmet)
rElec  .         Dismiss  .     (no cloak)
rCorr  .         Reflect  .     (no gloves)
SustAt .         Harm     .     (no boots)
MR     .....                    (no amulet)
Stlth  ..........               (no ring)
                                (no ring)

@: corroded, not resistant to hostile enchantments, extremely unstealthy
A: powered by death 1
a: Renounce Religion


You were on level 3 of the Dungeon.
You worshipped Okawaru.
Okawaru was noncommittal.
You were not hungry.

You visited 1 branch of the dungeon, and saw 3 of its levels.

You collected 62 gold pieces.

Inventory:

Hand Weapons
 d - a +0 dagger
 j - a +0 dagger of venom
 k - a +1 whip of venom (weapon)
 t - a -2 blowgun
Missiles
 u - 4 poisoned needles
Armour
 a - a +0 robe
 m - a +0 ring mail
 q - a +0 chain mail
 v - a +0 plate armour (worn)
Scrolls
 g - a scroll of fog {unknown}
 i - 2 scrolls of remove curse
 l - 3 scrolls of identify {unknown}
 p - a scroll of magic mapping {unknown}
 r - a scroll of immolation {unknown}
 s - a scroll of blinking {unknown}
 x - a scroll of enchant armour {unknown}
Potions
 e - 2 potions of degeneration
 h - 2 potions of curing {unknown}
 n - a potion of ambrosia {unknown}
 o - a potion of resistance {unknown}
 w - a potion of cancellation {unknown}
Books
 b - a book of Callings

   Spells                             Type                      Level
   a - Summon Small Mammal            Summoning                    1
   b - Call Imp                       Summoning                    2
   c - Call Canine Familiar           Summoning                    3
   d - Summon Guardian Golem          Hexes/Summoning              3
   e - Summon Lightning Spire         Summoning/Air                4
   f - Summon Ice Beast               Ice/Summoning                4
Comestibles
 c - 3 bread rations
 f - 2 chunks of flesh


   Skills:
 + Level 4.3 Fighting
 - Level 1.7 Dodging
 - Level 1.7 Stealth
 - Level 2.0 Spellcasting
   Level 4.0 Summonings


You had 7 spell levels left.
You didn't know any spells.

Dungeon Overview and Level Annotations

Branches:
Dungeon (3/15)

Altars:
Okawaru
Vehumet

Annotations:
D:3 Ijyb


Innate Abilities, Weirdness & Mutations

You regenerate a little health from kills.


Message History

Ijyb hits you but does no damage.
You hit Ijyb.
Ijyb is heavily wounded.
Ijyb zaps a wand.
The bolt of acid hits you! The acid corrodes you!
The acid burns!
* * * LOW HITPOINT WARNING * * *
You are too injured to fight recklessly!
You are too injured to fight recklessly!
You are too injured to fight recklessly!
Drink which item? (? for menu, Esc to quit)
It was a potion of degeneration.
There was something very wrong with that liquid.
You feel weakened.
You feel dopey.
You feel clumsy.
You feel less regenerative. Ijyb hits you but does no damage.
Your plate armour prevents you from hitting Ijyb.
Ijyb is severely wounded.
Ijyb zaps a wand.
The bolt of acid hits you!
Ouch! That really hurt!
You die... ≈P..............
PP≈............ ... ≈PP≈........[###... ♣≈≈PP....#.......... ≈♣P≈.......#....... ≈≈≈≈P.)†).......... ♣ ≈♣≈..).#.........# PPP

♣≈.P#.#8.....8#
≈.PP♣≈P.#.#..@....#
.PP.≈≈P...#8..g..8#
#.≈≈≈≈≈..#.......#
+..≈≈PP#.#8.....8#
#..P≈♣.#.#.......#
.....≈≈.#.#8.....8# #
....≈P≈P#.#..)."..#.#
....#...#.#########.#.
........#......#......


You could see Ijyb.

Vanquished Creatures
  4 adders
  3 worms
  4 dart slugs
  2 giant cockroaches (D:1)
  8 hobgoblins
  4 jackals (D:1)
  6 kobolds
  A quokka (D:3)
  6 bats
  4 giant newts
  10 goblins
  3 rats
55 creatures vanquished.

Vanquished Creatures (collateral kills)
  3 kobolds (D:1)
  A rat (D:1)
4 creatures vanquished.

Grand Total: 59 creatures vanquished

Notes
Turn   | Place    | Note
--------------------------------------------------------------
     0 | D:1      | bigmoneyxibbles the Demonspawn Summoner began the quest for the Orb.
     0 | D:1      | Reached XP level 1. HP: 13/13 MP: 3/3
    76 | D:1      | Reached skill level 1 in Fighting
   340 | D:1      | Gained mutation: You regenerate a little health from kills. [demonic ancestry]
   340 | D:1      | Reached XP level 2. HP: 12/21 MP: 1/5
   838 | D:1      | Reached XP level 3. HP: 26/28 MP: 6/6
  1015 | D:2      | Found a radiant altar of Vehumet.
  1033 | D:2      | Found an iron altar of Okawaru.
  1072 | D:2      | Became a worshipper of Warmaster Okawaru
  1182 | D:2      | Reached XP level 4. HP: 37/37 MP: 7/7
  1751 | D:3      | Noticed Ijyb
  1780 | D:3      | Killed from afar by Ijyb

Vault maps used:
D:1:      shiori_arrival_elements, minmay_misc_feat_x
D:2:      fiery_altar_vehumet, okawaru_trees_1
D:3:      kennysheep_the_goblin_king, grunt_qazlal_clouds, corexii_corridor_pit,
          serial_bayou_lagoon_a

Skill      XL: |  1  2  3  4 |
---------------+-------------+-----
Fighting       | 1 2 3 4 |  4.3
Dodging        | |  1.7
Stealth        | |  1.7
Spellcasting   | |  2.0
Summonings     | |  4.0

Action                   |  1- 3 |  4- 6 || total
-------------------------+-------+-------++-------
Melee: Dagger            |    61 |       ||    61
       Whip              |    77 |    68 ||   145
 Cast: Summon Small Mamm |     7 |       ||     7
  Use: Scroll            |       |     3 ||     3
       Potion            |       |     1 ||     1
 Stab: Sleeping          |     3 |       ||     3
  Eat: Chunk             |     1 |     2 ||     3
